Map: Pillars of Gold LE

Players

LiquidTLO (TLO) - Winner!

  • Race: Zerg Zerg
  • League: Grandmaster
  • Spawn Location: 1:00

PiLiPiLi

  • Race: Protoss Protoss
  • League: Grandmaster
  • Spawn Location: 7:00

Event: DreamHack SC2 Masters 2020 Fall

VOD

Have the link to the VOD?

Description

Time

  • Played on: Sept. 1, 2020, 6:10 p.m.
  • Length: 11:11

All games in this series

Show
View Real Time Build Order
Export as new Build Order

LiquidTLO Zerg - Winner!

Build Orders: Hatch First, Zergling Baneling 

Get SALT Encoding   

  12  0:00  Drone  
  13  0:12  Overlord  
  13  0:17  Drone  
  14  0:30  Drone x2  
  16  0:37  Drone  
  17  0:53  Hatchery  
  17  0:56  Drone  
  17  1:00  Drone  
  18  1:04  Extractor  
  17  1:16  Spawning Pool  
  16  1:19  Drone  
  16  1:22  Drone  
  18  1:28  Drone  
  19  1:38  Drone  
  20  1:49  Overlord  
  20  2:03  Queen  
  20  2:04  Metabolic Boost  
  20  2:06  Queen  
  20  2:07  Zergling x2  
  25  2:12  Zergling x2  
  27  2:15  Drone  
  27  2:17  Drone  
  27  2:21  Drone  
  29  2:27  Drone  
  30  2:41  Hatchery  
  30  2:44  Drone  
  30  2:48  Overlord  
  30  2:54  Drone  
  30  2:56  Overlord  
  30  2:57  Drone  
  32  3:02  Overlord  
  32  3:07  Drone  
  32  3:10  Drone  
  32  3:12  Drone x2  
  35  3:14  Drone  
  35  3:16  Zergling x2  
  37  3:20  Drone  
  37  3:24  Baneling Nest  
  37  3:26  Drone  
  37  3:32  Drone  
  38  3:35  Queen  
  38  3:37  Drone  
  41  3:41  Drone  
  41  3:44  Drone x3, Extractor  
  44  3:50  Zergling x2  
  44  3:52  Queen  
  44  3:55  Drone  
  48  3:56  Zergling x2  
  48  4:01  Zergling x2  
  50  4:04  Zergling x2, Overlord  
  50  4:13  Overlord  
  50  4:14  Zergling x4  
  50  4:15  Baneling  
  50  4:16  Baneling x3  
  52  4:17  Zergling x2  
  52  4:20  Zergling x4  
  52  4:22  Baneling  
  52  4:23  Baneling x2  
  52  4:24  Baneling  
  55  4:27  Spore Crawler  
  55  4:28  Zergling x2  
  55  4:30  Zergling x2  
  56  4:31  Zergling x2  
  56  4:33  Zergling x2  
  56  4:37  Zergling x4  
  60  4:38  Zergling x2  
  60  4:42  Drone x2  
  60  4:44  Zergling x2  
  64  4:47  Zergling x2  
  64  4:48  Zergling x2  
  64  4:49  Zergling x2  
  64  4:52  Zergling x4  
  68  4:55  Zergling x2  
  68  4:58  Baneling x4  
  68  4:59  Drone  
  70  5:05  Baneling x2  
  70  5:06  Spine Crawler, Baneling x2  
  69  5:09  Drone  
  69  5:11  Zergling x2  
  69  5:12  Zergling x2  
  69  5:13  Zergling x2  
  73  5:17  Zergling x2  
  73  5:18  Overlord  
  74  5:24  Overlord  
  74  5:27  Zergling x2  
  74  5:28  Zergling x2  
  71  5:29  Zergling x2  
  71  5:30  Zergling x4  
  69  5:36  Drone  
  69  5:37  Drone  
  69  5:40  Drone x2  
  69  5:41  Zergling x2  
  66  5:43  Drone  
  66  5:44  Zergling x2  
  66  5:45  Zergling x2  
  66  5:46  Zergling x2  
  66  5:49  Baneling  
  68  5:50  Zergling x2  
  68  5:54  Queen  
  68  5:56  Zergling x2  
  72  5:58  Drone x2  
  72  5:59  Drone  
  72  6:00  Drone  
  72  6:03  Spore Crawler  
  74  6:05  Baneling x3  
  74  6:07  Zergling x2  
  74  6:10  Zergling x2  
  76  6:12  Overlord  
  76  6:14  Zergling x2  
  76  6:16  Zergling x2  
  76  6:17  Zergling x2  
  76  6:18  Zergling x2  
  76  6:19  Zergling x2  
  76  6:21  Zergling x2  
  76  6:22  Baneling x2  
  76  6:24  Zergling x2  
  76  6:25  Zergling x2  
  75  6:26  Zergling x2  
  75  6:28  Zergling x2  
  75  6:30  Zergling x2  
  75  6:31  Baneling x2  
  72  6:33  Zergling x2  
  72  6:35  Spore Crawler  
  72  6:36  Zergling x2  
  72  6:38  Zergling x2  
  66  6:40  Zergling x2  
  66  6:42  Zergling x2  
  66  6:45  Drone  
  66  6:46  Drone  
  68  6:51  Drone  
  68  6:53  Drone  
  70  6:56  Lair  
  70  6:57  Drone  
  71  7:03  Zergling x4  
  71  7:05  Zergling x2  
  74  7:12  Zergling x2  
  74  7:13  Zergling x2  
  73  7:16  Drone x2  
  73  7:17  Drone  
  73  7:21  Queen, Zergling x2  
  79  7:23  Roach Warren  
  79  7:24  Drone x2  
  79  7:27  Baneling x2  
  77  7:31  Drone x2  
  77  7:32  Drone, Zergling x2  
  77  7:37  Zergling x2  
  79  7:40  Drone  
  79  7:41  Drone x2, Spore Crawler  
  79  7:42  Drone  
  81  7:46  Baneling, Zergling x2  
  81  7:47  Zergling x2  
  81  7:48  Baneling x2  
  81  7:49  Zergling x4, Baneling  
  84  7:54  Extractor  
  83  8:01  Baneling x2  
  83  8:05  Roach x3  
  86  8:07  Roach  
  86  8:08  Roach  
  86  8:09  Roach x2  
  86  8:10  Roach  
  86  8:11  Roach  
  95  8:16  Baneling x5  
  95  8:18  Zergling x2  
  95  8:19  Roach  
  95  8:22  Zergling x2  
  95  8:23  Zergling x2  
  95  8:24  Zergling x2  
  95  8:26  Zergling x2  
  83  8:32  Zergling x2  
  80  8:34  Zergling x2  
  80  8:36  Zergling x2  
  80  8:40  Ravager, Zergling x2  
  76  8:41  Queen x2, Zergling x2  
  76  8:43  Ravager  
  83  8:48  Roach  
  83  8:49  Roach  
  83  8:51  Roach  
  83  8:54  Roach  
  78  8:59  Roach  
  75  9:03  Zergling x2  
  75  9:05  Queen, Roach  
  75  9:06  Zergling x2  
  75  9:08  Spine Crawler  
  75  9:09  Spine Crawler  
  79  9:11  Zergling x2  
  79  9:12  Zergling x2  
  79  9:14  Zergling x2  
  82  9:17  Queen, Ravager  
  82  9:18  Queen  
  82  9:22  Zergling x2  
  82  9:23  Zergling x4  
  89  9:26  Roach  
  89  9:29  Roach  
  93  9:34  Roach  
  93  9:36  Roach  
  95  9:40  Roach  
  95  9:41  Queen, Roach  
  94  9:48  Roach  
  94  9:50  Roach  
  85  9:53  Roach  
  85  9:55  Zergling x2  
  85  9:56  Zergling x2  
  85  9:58  Zergling x2  
  90  10:05  Zergling x2, Spore Crawler  
  90  10:08  Ravager  
  90  10:10  Zergling x2  
  90  10:11  Zergling x2  
  90  10:13  Zergling x4  
  95  10:15  Zergling x2  
  95  10:20  Roach x2  
  98  10:24  Overlord  
  98  10:25  Baneling  
  98  10:26  Baneling  
  98  10:33  Roach  
  97  10:36  Overlord  
  97  10:37  Baneling  
  97  10:38  Zergling x4, Baneling x4  
  97  10:41  Zergling x2  
  97  10:43  Zergling x4  
  97  10:45  Zergling x2  
  97  10:47  Roach  
  102  10:51  Roach  
  102  10:53  Ravager  
Show
View Real Time Build Order
Export as new Build Order

PiLiPiLi Protoss 

Build Orders: 1 Gate Expand 

Get SALT Encoding   

  12  0:00  Probe  
  13  0:12  Probe  
  14  0:23  Pylon  
  14  0:24  Probe  
  15  0:41  Gateway, Probe (Chrono Boost)  
  17  0:51  Probe (Chrono Boost)  
  17  0:52  Assimilator  
  17  0:56  Probe (Chrono Boost)  
  18  1:07  Probe  
  19  1:19  Probe  
  20  1:29  Nexus  
  20  1:39  Cybernetics Core  
  20  1:42  Probe  
  21  1:49  Assimilator  
  21  1:54  Probe  
  21  1:58  Pylon  
  22  2:06  Probe  
  23  2:13  Stalker (Chrono Boost)  
  23  2:17  Warp Gate  
  23  2:19  Probe  
  26  2:29  Twilight Council  
  26  2:31  Probe  
  27  2:38  Adept  
  27  2:42  Probe  
  30  2:46  Probe  
  31  2:54  Probe  
  32  2:58  Probe  
  32  3:01  Robotics Facility  
  33  3:06  Probe  
  33  3:11  Probe  
  34  3:16  Gateway  
  34  3:22  Resonating Glaives (Chrono Boost), Probe  
  34  3:26  Adept  
  37  3:32  Gateway  
  37  3:38  Gateway  
  37  3:45  Warp Prism (Chrono Boost)  
  37  3:53  Probe x2  
  41  3:57  Pylon  
  41  4:05  Probe, Pylon  
  41  4:06  Probe  
  41  4:09  Adept  
  45  4:15  Adept  
  47  4:17  Probe  
  47  4:18  Observer  
  47  4:23  Probe  
  50  4:29  Assimilator  
  50  4:33  Adept x2  
  50  4:34  Adept  
  50  4:36  Adept  
  58  4:43  Probe x2  
  58  4:44  Pylon  
  60  4:48  Pylon  
  60  4:57  Probe  
  60  4:59  Probe  
  62  5:00  Dark Shrine  
  62  5:02  Assimilator  
  62  5:04  Adept x2  
  62  5:06  Adept  
  68  5:08  Adept  
  58  5:30  Adept x2  
  58  5:31  Adept x2  
  56  5:49  Immortal  
  58  5:50  Probe  
  58  5:51  Probe  
  58  5:52  Pylon  
  60  6:01  Adept x4  
  70  6:04  Pylon  
  64  6:28  Dark Templar x3  
  60  6:43  Immortal (Chrono Boost)  
  58  6:47  Gateway x2  
  58  6:52  Gateway  
  58  6:55  Gateway  
  58  6:56  Adept  
  58  6:59  Probe  
  61  7:01  Adept x2  
  61  7:02  Adept  
  67  7:10  Immortal (Chrono Boost)  
  67  7:33  Sentry  
  67  7:34  Sentry, Adept x2  
  71  7:44  Immortal (Chrono Boost)  
  75  7:53  Zealot x2, Sentry x2  
  75  7:54  Zealot  
  75  7:55  Zealot  
  75  7:57  Zealot x2  
  91  8:01  Pylon  
  91  8:04  Observer  
  85  8:17  Adept x6  
  88  8:33  Adept  
  88  8:34  Adept  
  82  8:38  Adept x6  
  72  9:00  Adept x6  
  72  9:06  Adept x5  
  72  9:07  Adept x3  
  88  9:32  Adept x3  
  86  9:40  Adept x4  
  54  10:00  Adept x8  
  54  10:05  Immortal (Chrono Boost)  
  74  10:18  Dark Templar x4  
  74  10:20  Dark Templar  
  74  10:21  Dark Templar  
  86  10:23  Adept  
  88  10:40  Archon  
  88  10:42  Archon x2  
  88  10:44  Adept x3  

Tags
 
Add a new tag
Caveats
  • Supply blocks, unpowered buildings, or Contaminate may cause inaccurate times.
  • Supply counts are checked every 10 seconds.